[Event "Titled Tuesday Blitz July 11 Late 2023"]
[White "Makarian, Rudik"]
[Black "Rostomyan, Mikayel"]
[WhiteFideId "44105681"]
[BlackFideId "13313754"]
[WhiteElo "2957"]
[BlackElo "2630"]
[Result "0-1"]
[Round "5"]
[TimeControl "180+2"]
[Date "2023.07.11"]
[WhiteClock "0:00:01"]
[BlackClock "0:00:14"]
[Board "22"]

1. d4 d5 2. c4 e5 3. dxe5 Ne7 4. a3 Nbc6 5. Nf3 Be6 6. cxd5 Qxd5 7. Qxd5 Nxd5 8. e4 Nb6 9. Nc3 h6 10. Be2 g5 11. h3 Bg7 12. O-O O-O-O 13. Be3 Nxe5 14. Nd4 Bc4 15. Nf5 Bf8 16. Bd4 f6 17. Rfc1 Bxe2 18. Nxe2 Rh7 19. Rc2 Rhd7 20. g4 Nf3+ 21. Kg2 Nxd4 22. Nexd4 Rxd4 23. Nxd4 Rxd4 24. Re2 Bd6 25. h4 Nc4 26. hxg5 hxg5 27. Rh1 b6 28. Rc1 Kb7 29. Rcc2 Ne5 30. f3 Nd3 31. Kf1 Nf4 32. Red2 c5 33. Rxd4 cxd4 34. Ke1 d3 35. Rc1 Ng2+ 36. Kf2 Nf4 37. Ke3 Be5 38. Rb1 Bd6 39. b4 Be5 40. Kd2 a6 41. a4 Kc6 42. Rc1+ Kd6 43. Rc8 b5 44. a5 Kd7 45. Ra8 Bd6 46. Ra7+ Kc8 47. Rxa6 Bxb4+ 48. Kd1 Ng2 49. Rc6+ Kd7 0-1


[Site "https://www.chess.com"]

[Event "Titled Tuesday Blitz July 11 Late 2023"]
[White "Keymer, Vincent"]
[Black "Fiorito, Joaquin"]
[WhiteFideId "12940690"]
[BlackFideId "180173"]
[WhiteElo "2924"]
[BlackElo "2627"]
[Result "1-0"]
[Round "5"]
[TimeControl "180+2"]
[Date "2023.07.11"]
[WhiteClock "0:00:10"]
[BlackClock "0:00:00"]
[Board "23"]

1. a3 d5 2. Nf3 Nf6 3. e3 Bf5 4. c4 c6 5. b4 e6 6. Bb2 Be7 7. Be2 h6 8. O-O O-O 9. Nc3 Nbd7 10. h3 Bh7 11. Rc1 Bd6 12. Re1 Re8 13. Bf1 Qe7 14. cxd5 exd5 15. Ra1 Ne5 16. Nxe5 Qxe5 17. g3 h5 18. Qb3 Qf5 19. Bg2 h4 20. g4 Qd3 21. Qd1 Rad8 22. Rc1 d4 23. Ne2 dxe3 24. dxe3 Qg6 25. Nd4 Ne4 26. Qe2 Be5 27. Red1 Qf6 28. Qf3 Qh6 29. Ba1 Ng5 30. Qe2 Be4 31. Nf5 Bxf5 32. Rxd8 Rxd8 33. Bxe5 Bd3 34. Qd2 Ne6 35. Qb2 Qg6 36. Rd1 Re8 37. Qc3 Be4 38. f3 Bc2 39. Rd2 Bb1 40. f4 f6 41. f5 Qh6 42. Bh2 Ng5 43. Bf4 Qh7 44. Qb3+ Kh8 45. Qxb1 Nf7 46. Rd7 Ne5 47. Bxe5 fxe5 48. Qb3 Qh6 49. Be4 Qf6 50. Qf7 Qg5 51. Qxe8+ Kh7 52. Qg6+ 1-0


[Site "https://www.chess.com"]

[Event "Titled Tuesday Blitz July 11 Late 2023"]
[White "Tahbaz, Arash"]
[Black "Weishaeutel, Moritz"]
[WhiteFideId "12528846"]
[BlackFideId "12967300"]
[WhiteElo "2923"]
[BlackElo "2622"]
[Result "0-1"]
[Round "5"]
[TimeControl "180+2"]
[Date "2023.07.11"]
[WhiteClock "0:00:00"]
[BlackClock "0:00:11"]
[Board "24"]

1. Nf3 Nf6 2. g3 g6 3. Bg2 Bg7 4. O-O O-O 5. c4 c6 6. Nc3 d5 7. d4 dxc4 8. e4 b5 9. Qe2 e5 10. dxe5 Ng4 11. Rd1 Qc7 12. h3 Nxe5 13. Nxe5 Bxe5 14. Bh6 Re8 15. f4 Bg7 16. Bxg7 Kxg7 17. e5 Nd7 18. Nxb5 cxb5 19. Bxa8 Nc5 20. Bg2 Nd3 21. Kh2 Bf5 22. Qe3 Nxb2 23. Rd4 c3 24. Rc1 c2 25. g4 Be6 26. Qa3 Nc4 27. Rxc2 g5 28. Qg3 gxf4 29. Qxf4 Qxe5 30. Qxe5+ Nxe5 31. a4 bxa4 32. Rc7 a3 33. Rxa7 a2 34. Re4 Nd3 35. Kg3 Nc5 36. Re3 Rb8 37. Rc3 Rb3 38. Rxb3 Bxb3 39. Kf2 Na4 0-1


[Site "https://www.chess.com"]

[Event "Titled Tuesday Blitz July 11 Late 2023"]
[White "Banzea, Alexandru-Bogdan"]
[Black "Ibarra Jerez, Jose Carlos"]
[WhiteFideId "1232622"]
[BlackFideId "2226332"]
[WhiteElo "2621"]
[BlackElo "2921"]
[Result "0-1"]
[Round "5"]
[TimeControl "180+2"]
[Date "2023.07.11"]
[WhiteClock "0:00:00"]
[BlackClock "0:00:47"]
[Board "25"]

1. d4 Nf6 2. Nc3 d5 3. Bf4 c5 4. e4 Nxe4 5. Nxe4 dxe4 6. dxc5 Qxd1+ 7. Rxd1 Bd7 8. Ne2 Nc6 9. c3 e5 10. Be3 f5 11. f4 exf3 12. gxf3 a5 13. f4 Be7 14. Rg1 Bh4+ 15. Bf2 Bf6 16. fxe5 Nxe5 17. Bg2 O-O-O 18. Nd4 Rhe8 19. Kd2 Ng4 20. Bg3 Bg5+ 21. Kc2 f4 22. h4 Ne3+ 23. Kb3 fxg3 24. hxg5 Nxd1 25. Rxd1 Re5 26. c6 bxc6 0-1


[Site "https://www.chess.com"]

[Event "Titled Tuesday Blitz July 11 Late 2023"]
[White "Durarbayli, Vasif"]
[Black "Chen, Justin"]
[WhiteFideId "13402935"]
[BlackFideId "2098199"]
[WhiteElo "2917"]
[BlackElo "2612"]
[Result "1-0"]
[Round "5"]
[TimeControl "180+2"]
[Date "2023.07.11"]
[WhiteClock "0:00:17"]
[BlackClock "0:00:16"]
[Board "26"]

1. e4 c5 2. Nf3 Nc6 3. d4 cxd4 4. Nxd4 Nf6 5. Nc3 d6 6. f3 Qb6 7. Nb3 e6 8. Qe2 Be7 9. Be3 Qc7 10. O-O-O a6 11. g4 b5 12. g5 Nd7 13. Qg2 Bb7 14. h4 Nb6 15. h5 Ne5 16. Kb1 b4 17. Ne2 a5 18. g6 hxg6 19. hxg6 Rxh1 20. gxf7+ Kxf7 21. Qxh1 Nbc4 22. Bc1 Rc8 23. Nbd4 Bf6 24. Bh3 Re8 25. Nf4 Bc8 26. Nh5 Ke7 27. f4 Nf7 28. Qg2 e5 29. Bxc8 exd4 30. Ba6 Ne3 31. Bxe3 dxe3 32. Nxg7 Bxg7 33. Qxg7 Qc5 34. b3 Qh5 35. Qd4 Qf3 36. Bc4 Rh8 37. e5 Rh1 38. exd6+ Kf8 39. Rxh1 Qxh1+ 40. Kb2 Qc6 41. Bxf7 Kxf7 42. d7 Qc3+ 43. Qxc3 bxc3+ 44. Kxc3 Ke7 45. Kd3 e2 46. Kxe2 Kxd7 47. Kd3 Ke7 48. Kc3 Kf6 49. Kb2 Kf5 50. Ka3 Kxf4 51. Ka4 Ke4 52. Kxa5 Kd4 53. b4 Kc3 54. b5 Kb2 55. b6 Kc3 56. b7 Kb2 57. Kb6 Ka1 58. c4 Kb2 59. c5 Kc2 60. c6 Kc3 61. c7 Kc4 62. a4 Kb4 63. a5 Ka4 64. a6 1-0


[Site "https://www.chess.com"]

[Event "Titled Tuesday Blitz July 11 Late 2023"]
[White "Gordievsky, Dmitry"]
[Black "Janturin, Artur"]
[WhiteFideId "24112798"]
[BlackFideId "4130022"]
[WhiteElo "2908"]
[BlackElo "2605"]
[Result "1-0"]
[Round "5"]
[TimeControl "180+2"]
[Date "2023.07.11"]
[WhiteClock "0:00:19"]
[BlackClock "0:00:00"]
[Board "27"]

1. Nf3 d5 2. g3 Nf6 3. Bg2 c6 4. O-O Bf5 5. c4 e6 6. Qb3 Qb6 7. d3 Nbd7 8. cxd5 exd5 9. Qc2 Be7 10. Nc3 Bg6 11. e4 dxe4 12. dxe4 O-O 13. Nh4 Rfe8 14. Be3 Qa5 15. Nxg6 hxg6 16. h3 Rad8 17. a3 Qc7 18. Nd5 Nxd5 19. exd5 c5 20. b4 Bd6 21. bxc5 Nxc5 22. Bg5 f6 23. Bd2 g5 24. Rae1 b6 25. Bf3 Qf7 26. Kg2 Rxe1 27. Rxe1 Re8 28. Rh1 Nd7 29. Be4 Ne5 30. h4 g4 31. h5 Qc7 32. Qa4 Qd7 33. Qxd7 Nxd7 34. Bf5 Ne5 35. h6 g6 36. h7+ Kg7 37. Be6 g5 38. Bg8 Nf3 39. h8=Q+ 1-0


[Site "https://www.chess.com"]

[Event "Titled Tuesday Blitz July 11 Late 2023"]
[White "Rustemov, Alexander"]
[Black "Swayams, Mishra"]
[WhiteFideId "4119002"]
[BlackFideId "5028183"]
[WhiteElo "2905"]
[BlackElo "2602"]
[Result "1-0"]
[Round "5"]
[TimeControl "180+2"]
[Date "2023.07.11"]
[WhiteClock "0:00:30"]
[BlackClock "0:00:05"]
[Board "28"]

1. d4 Nf6 2. c4 e6 3. Nf3 b6 4. a3 Bb7 5. Nc3 d5 6. Bg5 Be7 7. Bxf6 Bxf6 8. cxd5 exd5 9. Qa4+ Qd7 10. e3 Qxa4 11. Nxa4 O-O 12. b4 Nd7 13. Rc1 c6 14. Bd3 b5 15. Nc5 Nxc5 16. bxc5 a5 17. a4 b4 18. Nd2 Rfe8 19. Nb3 Bd8 20. Kd2 Bc7 21. Rhe1 Bc8 22. g3 Be6 23. f3 h5 24. Re2 g5 25. Rce1 Kg7 26. e4 dxe4 27. Rxe4 Red8 28. Rxe6 fxe6 29. Rxe6 Rac8 30. Rg6+ Kf7 31. Rxg5 h4 32. Be4 Rg8 33. Rxg8 Rxg8 34. Bxc6 hxg3 35. hxg3 Rxg3 36. Be4 Rg2+ 37. Kd3 Rb2 38. Kc4 Ke6 39. d5+ Ke5 40. d6 Bd8 41. Nd4 Bh4 42. c6 Kxd6 43. Nf5+ Kc7 44. Nxh4 Ra2 45. Ng6 Rxa4 46. Nf4 Ra1 47. Ne6+ Kd6 48. Nd4 Rc1+ 49. Kb5 Rc5+ 50. Ka4 Ke5 51. Nb3 Rc3 52. Nxa5 Kd6 53. Kxb4 Re3 54. Nc4+ 1-0


[Site "https://www.chess.com"]

[Event "Titled Tuesday Blitz July 11 Late 2023"]
[White "NLLO777"]
[Black "Moroni, Luca Jr"]
[BlackFideId "865834"]
[WhiteElo "2595"]
[BlackElo "2843"]
[Result "0-1"]
[Round "5"]
[TimeControl "180+2"]
[Date "2023.07.11"]
[WhiteClock "0:00:00"]
[BlackClock "0:00:06"]
[Board "29"]

1. d4 g6 2. Nf3 Bg7 3. g3 d6 4. Bg2 Bd7 5. O-O Qc8 6. e4 Bg4 7. Nc3 Nc6 8. Be3 h5 9. h4 Nf6 10. Qd2 Bxf3 11. Bxf3 Ng4 12. Ne2 Nxe3 13. Qxe3 Qd7 14. c3 e6 15. b4 Ne7 16. a4 Bh6 17. Qd3 g5 18. hxg5 Bxg5 19. Bg2 h4 20. f4 Bf6 21. g4 O-O-O 22. Bh3 Kb8 23. a5 Bg7 24. b5 c5 25. bxc6 Qxc6 26. Rfb1 e5 27. Rb4 Rd7 28. Rab1 Ka8 29. g5 Rc7 30. f5 f6 31. g6 d5 32. dxe5 fxe5 33. Bg2 h3 34. Bf3 Rd8 35. Kh2 Qc5 36. exd5 Nxd5 37. Bxd5 Rxd5 38. Qf3 a6 39. Ng1 Rd2+ 40. Kh1 h2 41. Nh3 Qxc3 0-1


[Site "https://www.chess.com"]

[Event "Titled Tuesday Blitz July 11 Late 2023"]
[White "Ter-Sahakyan, Samvel"]
[Black "Leon Oquendo, Jorge"]
[WhiteFideId "13302531"]
[BlackFideId "3514803"]
[WhiteElo "2841"]
[BlackElo "2587"]
[Result "1/2-1/2"]
[Round "5"]
[TimeControl "180+2"]
[Date "2023.07.11"]
[WhiteClock "0:00:08"]
[BlackClock "0:00:13"]
[Board "30"]

1. e4 d6 2. d4 Nd7 3. Nf3 g6 4. Nc3 Bg7 5. Be3 e6 6. Qd2 h6 7. O-O-O Ne7 8. Kb1 a6 9. g4 b5 10. g5 hxg5 11. Nxg5 Bb7 12. f3 Nb6 13. Bd3 Nc6 14. Qf2 Qd7 15. h4 Na5 16. Ne2 O-O-O 17. Bc1 Nc6 18. Be3 Nb4 19. a3 Nxd3 20. cxd3 Kb8 21. Rc1 b4 22. axb4 Rhf8 23. h5 gxh5 24. Rxh5 Qb5 25. Rc3 f6 26. Rh7 fxg5 27. Rxg7 Rc8 28. Rb3 a5 29. Rxg5 Qa4 30. Ra3 Qd1+ 31. Nc1 axb4 32. Rb3 Ba6 33. Rg1 Qxf3 34. Qd2 d5 35. e5 Bb5 36. Rxb4 c6 37. Nb3 Rf7 38. Nc5 Ra7 39. Nxe6 Rh8 40. Nc5 Rh1 41. Rxb5 Rxg1+ 42. Bxg1 Qf1+ 43. Kc2 cxb5 44. Bh2 Na4 45. e6+ Kc8 46. Qf4 Qxf4 47. Bxf4 Nxc5 48. dxc5 Re7 49. Kb3 Rxe6 50. Kb4 Rf6 51. Bd6 Rf3 52. d4 Kd7 53. Kxb5 Rb3+ 54. Ka4 Rxb2 55. Be5 Rb7 56. Ka5 Kc6 57. Ka4 Rb5 58. Ka3 Rb7 59. Ka4 Ra7+ 60. Kb4 Rb7+ 61. Kc3 Kb5 62. Bd6 Rh7 63. Be5 Rh3+ 64. Kd2 Rb3 65. Kc2 Kb4 66. Kd2 Rc3 67. Ke2 Rc4 68. Kd3 Kb3 69. Kd2 Kb4 70. Kd3 Kb5 71. Ke3 Kc6 72. Kf4 Kd7 73. Kf5 Ke7 74. Bd6+ Kd7 75. Be5 Kc6 76. Kf4 Rc1 77. Ke3 Rf1 78. Kd3 Rh1 79. Ke3 Rh3+ 80. Kf4 Rd3 81. Kf5 Kb5 82. Ke6 Kc6 83. Kf5 Re3 84. Kf4 Re2 85. Kf5 Ra2 86. Ke6 Ra8 87. Kf5 Re8 88. Kf4 Kd7 89. Ke3 Rc8 90. Kf4 Ke6 91. Ke3 Kf5 92. Kd3 Ke6 93. Ke3 Re8 94. Kf4 Kd7 95. Ke3 Kc6 96. Kf4 Rg8 97. Kf5 Rg2 98. Kf6 Rc2 99. Ke6 Rxc5 100. dxc5 Kxc5 101. Kf5 d4 102. Bf4 d3 103. Bd2 Kc4 104. Ke4 Kb3 105. Kd4 Kc2 106. Ke3 Kd1 107. Kxd3 1/2-1/2


[Site "https://www.chess.com"]

[Event "Titled Tuesday Blitz July 11 Late 2023"]
[White "Maksimovic, Bojan"]
[Black "Manukyan, Artyom"]
[WhiteFideId "14408120"]
[BlackFideId "13305786"]
[WhiteElo "2840"]
[BlackElo "2578"]
[Result "1-0"]
[Round "5"]
[TimeControl "180+2"]
[Date "2023.07.11"]
[WhiteClock "0:00:17"]
[BlackClock "0:00:00"]
[Board "31"]

1. Nf3 d5 2. g3 e6 3. Bg2 Nf6 4. O-O Be7 5. d3 O-O 6. Nbd2 a5 7. a4 Nc6 8. Re1 Re8 9. e4 dxe4 10. dxe4 e5 11. c3 Be6 12. Qc2 h6 13. Bf1 Bd6 14. Bc4 Qe7 15. Bxe6 Qxe6 16. Qb3 b6 17. Qxe6 Rxe6 18. Nc4 Rd8 19. Nfd2 Bc5 20. Nb3 Bf8 21. f3 Nd7 22. Be3 Ree8 23. Kf2 Ncb8 24. Red1 Na6 25. Ke2 f6 26. Rd5 Nac5 27. Nxc5 Nxc5 28. Bxc5 Rxd5 29. Bxf8 Rd7 30. Ba3 Red8 31. b3 Kf7 32. Bc1 Rd3 33. Bd2 Ke6 34. Rc1 g5 35. Be3 R3d7 36. h4 Rg8 37. g4 gxh4 38. Rh1 h5 39. gxh5 Rg2+ 40. Bf2 Rh7 41. Rxh4 Rg5 42. h6 Rg6 43. Be3 Rg2+ 44. Kf1 Rc2 45. Bd2 c6 46. Ke2 b5 47. axb5 cxb5 48. Kd3 Ra2 49. Ne3 a4 50. bxa4 bxa4 51. Nd5 a3 52. Rh1 Rb2 53. Ra1 a2 54. c4 f5 55. exf5+ Kxf5 56. Bc3 Rh2 57. Bd2 Ra7 58. c5 Ra3+ 59. Nc3 Ke6 60. Rxa2 Rxa2 61. Nxa2 Kd5 62. Nc3+ Kxc5 63. Ne4+ Kd5 64. Bg5 Ke6 65. Be3 Kf5 66. Nf2 Ke6 67. Ke4 Kf6 68. Ng4+ 1-0


[Site "https://www.chess.com"]

[Event "Titled Tuesday Blitz July 11 Late 2023"]
[White "Beerdsen, Thomas"]
[Black "Guz, Ari"]
[WhiteFideId "1030108"]
[BlackFideId "2825759"]
[WhiteElo "2826"]
[BlackElo "2577"]
[Result "1/2-1/2"]
[Round "5"]
[TimeControl "180+2"]
[Date "2023.07.11"]
[WhiteClock "0:01:17"]
[BlackClock "0:00:12"]
[Board "32"]

1. e4 a6 2. d4 c6 3. Nf3 d5 4. exd5 cxd5 5. c4 Nf6 6. Nc3 Nc6 7. cxd5 Nxd5 8. Qb3 Nxc3 9. bxc3 e6 10. Bd3 Be7 11. a4 O-O 12. O-O e5 13. Re1 exd4 14. Nxd4 Nxd4 15. cxd4 Be6 16. Rxe6 fxe6 17. Qxe6+ Kh8 18. Qh3 Bh4 19. Be3 h6 20. Rb1 Qf6 21. g3 Bg5 22. f4 Rae8 23. Bf2 Bxf4 24. gxf4 Qxf4 25. Qg3 Qd2 26. Rf1 Rf6 27. d5 Ref8 28. Be4 Rxf2 29. Rxf2 Qe1+ 30. Kg2 Qxe4+ 31. Kh3 Rxf2 32. Qxf2 Qxd5 33. Qb2 b5 34. axb5 axb5 35. Kh4 Qc4+ 36. Kh5 b4 37. Kg6 Qe6+ 38. Kh5 Qd5+ 39. Kh4 Qc4+ 40. Kh5 Qc3 41. Qf2 Qe5+ 42. Kg4 b3 43. Qb6 b2 44. h4 Qe4+ 45. Kh5 b1=Q 46. Qd8+ Kh7 47. Qg8+ Kxg8 1/2-1/2


[Site "https://www.chess.com"]

[Event "Titled Tuesday Blitz July 11 Late 2023"]
[White "Siniauski, Artsiom"]
[Black "Talibov, Shiroghlan"]
[WhiteFideId "13512269"]
[BlackFideId "13429078"]
[WhiteElo "2571"]
[BlackElo "2814"]
[Result "0-1"]
[Round "5"]
[TimeControl "180+2"]
[Date "2023.07.11"]
[WhiteClock "0:00:10"]
[BlackClock "0:01:23"]
[Board "33"]

1. e4 Nf6 2. e5 Nd5 3. d4 d6 4. c4 Nb6 5. f4 dxe5 6. fxe5 Bf5 7. Be3 e6 8. Nc3 Nc6 9. Nf3 Be7 10. Be2 f6 11. exf6 Bxf6 12. O-O O-O 13. Qd2 Qd7 14. Rad1 Rad8 15. h3 Bg6 16. Qe1 Bh5 17. Ne4 Bxf3 18. Nxf6+ Rxf6 19. Rxf3 Rxf3 20. gxf3 e5 21. dxe5 Qxh3 22. Rxd8+ Nxd8 23. c5 Nd7 24. Bc4+ Kh8 25. f4 Nxe5 26. fxe5 Qg4+ 27. Kf2 Qh4+ 28. Ke2 Qxc4+ 29. Kf3 Qd5+ 30. Kf4 Ne6+ 31. Kf5 Kg8 32. Qf2 g6+ 33. Kf6 Qd7 0-1


[Site "https://www.chess.com"]

[Event "Titled Tuesday Blitz July 11 Late 2023"]
[White "Troff, Kayden"]
[Black "Fiorito, Francisco"]
[WhiteFideId "2047896"]
[BlackFideId "180165"]
[WhiteElo "2808"]
[BlackElo "2569"]
[Result "1/2-1/2"]
[Round "5"]
[TimeControl "180+2"]
[Date "2023.07.11"]
[WhiteClock "0:00:14"]
[BlackClock "0:00:07"]
[Board "34"]

1. e4 e5 2. Nc3 Nf6 3. f4 d5 4. fxe5 Nxe4 5. Qf3 Nxc3 6. dxc3 Be6 7. Qg3 Nc6 8. Nf3 h6 9. h4 a6 10. Bd3 Qd7 11. Be3 g6 12. O-O-O Bg7 13. Rhe1 O-O-O 14. Bg1 Rhe8 15. Nd4 Nxd4 16. Bxd4 Bf8 17. Qf2 h5 18. Be3 Kb8 19. Kb1 Qa4 20. b3 Qc6 21. Kb2 Bg7 22. Bg5 Rc8 23. Bf6 Bf8 24. a4 Bc5 25. Qf4 Qb6 26. Be2 Be3 27. Qb4 Qxb4 28. cxb4 Bf2 29. Rf1 Ba7 30. Bf3 c6 31. b5 axb5 32. axb5 Bc5 33. Rd3 Kc7 34. Ra1 Ra8 35. bxc6 bxc6 36. Rdd1 Rxa1 37. Rxa1 Bd4+ 38. c3 Bb6 39. Ra4 Kb7 40. g4 hxg4 41. Bxg4 Bxg4 42. Rxg4 Kc7 43. Rg5 Kd7 44. h5 gxh5 45. Rxh5 Bc7 46. Kc2 Ke6 47. Bg7 Rg8 48. Rh6+ Kd7 49. Bf6 Re8 50. Rh5 Ke6 51. Kd3 Rb8 52. b4 Rg8 53. Kd4 Bb6+ 54. Kd3 Rg3+ 55. Kc2 Bc7 56. Rh6 Rg2+ 57. Kb3 Kd7 58. Rh7 Ke6 59. Rh6 Bxe5 60. Bxe5+ Kxe5 61. Rxc6 f5 62. b5 Rg1 63. Ka2 f4 64. b6 Rg8 65. Rc7 Rb8 66. b7 f3 67. Rf7 Ke4 68. Kb3 Ke3 69. Kc2 f2 70. Re7+ Kf3 71. Rf7+ Kg3 72. Rg7+ Kf4 73. Rf7+ Ke3 74. Re7+ Kf3 75. Rf7+ Ke2 76. Re7+ Kf3 1/2-1/2


[Site "https://www.chess.com"]

[Event "Titled Tuesday Blitz July 11 Late 2023"]
[White "Shuvalova, Polina"]
[Black "Zemlyanskii, Ivan"]
[WhiteFideId "24171760"]
[BlackFideId "24249971"]
[WhiteElo "2669"]
[BlackElo "2798"]
[Result "0-1"]
[Round "5"]
[TimeControl "180+2"]
[Date "2023.07.11"]
[WhiteClock "0:00:00"]
[BlackClock "0:00:05"]
[Board "35"]

1. e4 c5 2. Nf3 e6 3. c3 d5 4. exd5 Qxd5 5. d4 Nf6 6. Na3 Qd8 7. Nc4 Nc6 8. Nce5 cxd4 9. Nxc6 bxc6 10. Nxd4 c5 11. Bb5+ Bd7 12. Bxd7+ Qxd7 13. Nf3 Qc6 14. O-O Bd6 15. c4 O-O 16. Qe2 a5 17. Re1 Rab8 18. Rb1 Rfd8 19. Bd2 a4 20. Bc3 Bc7 21. h3 Rd7 22. Rbd1 Rbd8 23. Rxd7 Qxd7 24. Qc2 Qc6 25. a3 h6 26. Ne5 Qa6 27. Qe2 Bxe5 28. Bxe5 Ne8 29. Bc3 Qc6 30. Qg4 Rd7 31. h4 Qd6 32. h5 Qd3 33. Kh2 Qc2 34. Kg1 Qd3 35. g3 Qc2 36. Kg2 Qd3 37. Re3 Qd6 38. Re2 Kf8 39. Qf3 Qd3 40. Qg4 Nf6 41. Bxf6 gxf6 42. Re3 Qd4 43. Qe2 f5 44. Rf3 Rb7 45. Qc2 Rxb2 46. Qxa4 Qe4 47. Qd1 Ra2 48. Kh2 Qd4 49. Qe1 Qxc4 50. Re3 Qd5 51. Kg1 Rd2 52. Kh2 Rd1 53. Re5 Rxe1 54. Rxd5 exd5 0-1


[Site "https://www.chess.com"]

[Event "Titled Tuesday Blitz July 11 Late 2023"]
[White "Warmerdam, Max"]
[Black "Michalczak, Thomas"]
[WhiteFideId "1048104"]
[BlackFideId "4622634"]
[WhiteElo "2797"]
[BlackElo "2560"]
[Result "1-0"]
[Round "5"]
[TimeControl "180+2"]
[Date "2023.07.11"]
[WhiteClock "0:01:00"]
[BlackClock "0:00:08"]
[Board "36"]

1. d4 Nf6 2. c4 e6 3. Nf3 d5 4. cxd5 exd5 5. Nc3 c6 6. Bf4 Bd6 7. Bxd6 Qxd6 8. e3 Bf5 9. Nh4 Bg4 10. Qb3 Qe7 11. h3 Be6 12. Bd3 g6 13. O-O O-O 14. Nf3 c5 15. Qa3 b6 16. Rac1 Nbd7 17. Rfd1 Rfc8 18. Ba6 Rd8 19. Bb7 Rab8 20. Bc6 Qd6 21. Bxd7 Rxd7 22. Nb5 Qe7 23. dxc5 bxc5 24. Nc3 c4 25. Qxe7 Rxe7 26. Rd2 Reb7 27. b3 cxb3 28. axb3 Rxb3 29. Nd4 Rb2 30. Rxb2 Rxb2 31. Ra1 Rb7 32. Ncb5 Ne4 33. Rxa7 Rxa7 34. Nxa7 h5 35. Nac6 Kf8 36. f3 Nd2 37. Kf2 Nc4 38. h4 Kg7 39. Nb4 Kf6 40. Ndc6 Nd6 41. Nd4 Nc4 42. Ne2 Ke5 43. Nf4 Nd6 44. Nc6+ Kf6 45. Nd4 Nc4 46. Ke2 Nd6 47. Kd3 Ke5 48. Ndxe6 fxe6 49. Nxg6+ Kf6 50. Nf4 Nf5 51. Nxh5+ Kg6 52. Nf4+ Kf6 53. h5 Kg5 54. Nxe6+ Kxh5 55. Nf4+ Kg5 56. Nxd5 Nh4 57. Nf4 Kf5 58. Ke2 Ke5 59. Kf2 Nf5 60. g4 Nd6 61. Nd3+ Kf6 62. e4 Kg5 63. Kg3 Nc4 64. f4+ 1-0


[Site "https://www.chess.com"]

[Event "Titled Tuesday Blitz July 11 Late 2023"]
[White "Perez Ponsa, Federico"]
[Black "Moral Garcia, Serafin"]
[WhiteFideId "117927"]
[BlackFideId "2201925"]
[WhiteElo "2791"]
[BlackElo "2557"]
[Result "1-0"]
[Round "5"]
[TimeControl "180+2"]
[Date "2023.07.11"]
[WhiteClock "0:00:37"]
[BlackClock "0:00:19"]
[Board "37"]

1. e4 e5 2. Nf3 Nf6 3. Nc3 Nc6 4. Bb5 Bb4 5. O-O O-O 6. Bxc6 dxc6 7. d3 Bd6 8. Ne2 Nd7 9. Ng3 Re8 10. Be3 Nf8 11. Qd2 Ne6 12. h3 f6 13. Nf5 Bc5 14. Bxc5 Nxc5 15. N3h4 g6 16. Ng3 Ne6 17. Ne2 Qe7 18. f4 exf4 19. Nxf4 Nxf4 20. Qxf4 Kg7 21. Rf2 Qd6 22. Qd2 c5 23. Raf1 Rf8 24. Nf3 Bd7 25. Qc3 Rae8 26. Nd2 Qe5 27. Qa3 a6 28. Nc4 Qe7 29. Qc3 Be6 30. Ne3 b5 31. a3 Rf7 32. b4 cxb4 33. axb4 Ref8 34. Ra1 Qd6 35. d4 Kg8 36. d5 Bc8 37. Qc5 Bb7 38. c4 Re7 39. Qxd6 cxd6 40. c5 Rxe4 41. Ra3 Rd8 42. Ng4 Kg7 43. Nxf6 Rxb4 44. Re3 Bc8 45. Re7+ Kh6 46. cxd6 Rxd6 47. Rxh7+ Kg5 48. g3 Rxf6 49. h4+ Kg4 50. Rxf6 Kxg3 51. Rxg6+ Bg4 52. Rf7 Rd4 53. h5 Rxd5 54. h6 Rh5 55. h7 Kh3 56. Rg8 Be6 57. h8=Q Rxh8 58. Rxh8+ Kg4 59. Rg8+ Kh5 60. Rh7# 1-0


[Site "https://www.chess.com"]

[Event "Titled Tuesday Blitz July 11 Late 2023"]
[White "Sidletskyi, Ivan"]
[Black "Tristan, Leonardo"]
[WhiteFideId "14156024"]
[BlackFideId "113816"]
[WhiteElo "2549"]
[BlackElo "2791"]
[Result "1/2-1/2"]
[Round "5"]
[TimeControl "180+2"]
[Date "2023.07.11"]
[WhiteClock "0:00:07"]
[BlackClock "0:00:04"]
[Board "38"]

1. e4 d5 2. exd5 Qxd5 3. Nc3 Qa5 4. d4 Nf6 5. Nf3 Bf5 6. Bc4 e6 7. O-O Bb4 8. Bd2 Nc6 9. a3 Bxc3 10. Bxc3 Qb6 11. a4 a5 12. Qd2 O-O 13. Rfe1 Rfd8 14. Rad1 Nb4 15. Bxb4 Qxb4 16. Bb3 h6 17. Qxb4 axb4 18. Ne5 Be4 19. c4 bxc3 20. bxc3 b6 21. f3 Bb7 22. Kf2 Kf8 23. g4 Nd5 24. c4 Nb4 25. f4 Nc6 26. Ke3 Na5 27. Bc2 Ba6 28. Bd3 f6 29. Ng6+ Kf7 30. f5 Bxc4 31. fxe6+ Bxe6 32. Nf4 Bc4 33. Bg6+ Kg8 34. Kf2 Bb3 35. Rd3 Bxa4 36. Re7 Rd7 37. Rde3 Rxe7 38. Rxe7 Nc6 39. Rxc7 Nxd4 40. Ke3 Nb5 41. Rd7 Na3 42. Re7 Nc4+ 43. Kd4 Bb3 44. Ne6 Nd6 45. Rxg7+ Kh8 46. Re7 Bxe6 47. Rxe6 Rd8 48. Ke3 Kg7 49. Bd3 Re8 50. Rxe8 Nxe8 51. Kf4 Kf7 52. h4 Nd6 53. g5 fxg5+ 54. hxg5 h5 55. Be2 Kg6 56. Bd3+ Kg7 57. Be2 h4 58. Kg4 Nf7 59. Kxh4 Ne5 60. Kg3 Nc6 61. Kf4 Nd4 62. Bd3 Nb3 63. Ke5 Nc5 64. Bc4 Na4 65. Kd5 Kg6 66. Kc6 Kxg5 67. Bb3 Nc5 68. Kxb6 1/2-1/2


[Site "https://www.chess.com"]

[Event "Titled Tuesday Blitz July 11 Late 2023"]
[White "Schmakel, Sam"]
[Black "Keleberda, Tymur"]
[WhiteFideId "2039311"]
[BlackFideId "14174294"]
[WhiteElo "2791"]
[BlackElo "2553"]
[Result "1-0"]
[Round "5"]
[TimeControl "180+2"]
[Date "2023.07.11"]
[WhiteClock "0:00:38"]
[BlackClock "0:00:09"]
[Board "39"]

1. d4 Nf6 2. c4 e6 3. Nf3 b6 4. g3 Bb7 5. Bg2 Be7 6. O-O O-O 7. Re1 Na6 8. Ne5 Qc8 9. Nc3 Bxg2 10. Kxg2 Qb7+ 11. e4 d5 12. exd5 exd5 13. Qf3 Nb4 14. Re2 Rae8 15. a3 Nc6 16. Nxc6 Qxc6 17. cxd5 Qd7 18. Bf4 Bd6 19. Be5 Ng4 20. Rae1 h5 21. h3 Nxe5 22. dxe5 Bc5 23. Qxh5 Bd4 24. Rd1 Bxc3 25. bxc3 Qb5 26. Re4 f6 27. e6 Re7 28. Rh4 Rxe6 1-0


[Site "https://www.chess.com"]

[Event "Titled Tuesday Blitz July 11 Late 2023"]
[White "Kadric, Denis"]
[Black "Ismagilov, Damir"]
[WhiteFideId "14403803"]
[BlackFideId "34199982"]
[WhiteElo "2789"]
[BlackElo "2541"]
[Result "1/2-1/2"]
[Round "5"]
[TimeControl "180+2"]
[Date "2023.07.11"]
[WhiteClock "0:00:15"]
[BlackClock "0:00:30"]
[Board "40"]

1. e4 c5 2. Nc3 g6 3. Nge2 Bg7 4. d4 cxd4 5. Nxd4 Nc6 6. Be3 Nf6 7. Bc4 O-O 8. Bb3 d6 9. f3 Na5 10. Qd2 Nxb3 11. axb3 Bd7 12. g4 a6 13. h4 e5 14. Nde2 Qc7 15. h5 Be6 16. Bh6 Rfd8 17. Bxg7 Kxg7 18. hxg6 fxg6 19. Qh6+ Kg8 20. g5 Nh5 21. Rxh5 gxh5 22. Qxe6+ Qf7 23. Qxf7+ Kxf7 24. Kd2 Rg8 25. Rg1 h6 26. g6+ Rxg6 27. Rh1 Rg5 28. Nd5 Rag8 29. Ne3 R8g6 30. c4 Rf6 31. Nf5 Ke6 32. Ke3 Rf8 33. Neg3 b5 34. Nxh5 bxc4 35. bxc4 Rb8 36. Nhg7+ Kf7 37. Rb1 Rb3+ 38. Kd2 Rxg7 39. Nxg7 Kxg7 40. Ke2 Kf6 41. Rh1 Rxb2+ 42. Kd3 Rb3+ 43. Ke2 a5 44. Rxh6+ Ke7 45. Rh7+ Ke6 46. Ra7 Rc3 47. Rxa5 Rxc4 48. Kf2 Rc1 49. Ra8 Rd1 50. Ke2 Rc1 51. Rh8 Kf6 52. Rh6+ Ke7 53. Kf2 Rd1 54. Ke2 Rc1 55. Ke3 Re1+ 56. Kd2 Rf1 57. Ke2 Rc1 1/2-1/2


[Site "https://www.chess.com"]

[Event "Titled Tuesday Blitz July 11 Late 2023"]
[White "Bartel, Mateusz"]
[Black "Jovic, Stanoje"]
[WhiteFideId "1112635"]
[BlackFideId "905020"]
[WhiteElo "2788"]
[BlackElo "2531"]
[Result "1-0"]
[Round "5"]
[TimeControl "180+2"]
[Date "2023.07.11"]
[WhiteClock "0:00:14"]
[BlackClock "0:00:00"]
[Board "41"]

1. f4 d5 2. Nf3 c5 3. g3 Nc6 4. Bg2 g6 5. d3 Bg7 6. O-O Nf6 7. c3 O-O 8. Kh1 b5 9. Qe1 c4 10. Ne5 Nxe5 11. fxe5 Ng4 12. d4 Bf5 13. h3 Bxb1 14. Rxb1 Nh6 15. e4 dxe4 16. Qxe4 Rb8 17. Bf4 e6 18. g4 Kh8 19. Rf2 Ng8 20. Rbf1 a5 21. Bg3 Qd7 22. Qc6 Qxc6 23. Bxc6 Ne7 24. Bd7 Kg8 25. Rxf7 Rxf7 26. Bxe6 Rf8 27. d5 Bh6 28. d6 Nc6 29. Bd5 Nd8 30. Rxf7 Nxf7 31. e6 Nxd6 32. Bxd6 Rf1+ 33. Kg2 Re1 34. Kf2 Re3 35. e7+ Kg7 36. Bc5 Re5 37. Bd4 Be3+ 38. Bxe3 Rxe7 39. Bd4+ Kh6 40. h4 g5 41. Bf6 1-0


[Site "https://www.chess.com"]